 Dungeon Crawl Stone Soup version 0.28-a0-915-gcd63401287 (webtiles) character file.

Game seed: 10332763170343242474

1454 kae the Ruffian (level 8, -1/79 HPs)
             Began as a Yellow Draconian Transmuter on Nov 25, 2021.
             Slain by a killer bee (2 damage)
             ... on level 4 of the Dungeon.
             The game lasted 00:03:50 (5831 turns).

kae the Ruffian (Yellow Draconian Transmuter)       Turns: 5831, Time: 00:03:50

Health: -1/79      AC:  6    Str: 13    XL:     8   Next: 47%
Magic:  9/13       EV: 10    Int: 15    God:
Gold:   176        SH:  5    Dex: 12    Spells: 6/14 levels left

rFire   x . .      SeeInvis .     - Unarmed
rCold   + + +      Faith    .   (shield currently unavailable)
rNeg    . . .      Spirit   .   (armour unavailable)
rPois   +          Reflect  +   (helmet currently unavailable)
rElec   .          Harm     .   (cloak currently unavailable)
rCorr   .          Rampage  .   (gloves currently unavailable)
Will    .....                   (boots currently unavailable)
Stlth   +.........              j - amulet of reflection
HPRegen 0.23/turn               f - ring of poison resistance
MPRegen 0.13/turn               (no ring)

@: lethally poisoned (-1 -> -11), ice-form, attractive, hasted, very quick
A: freezing attack, amphibious, boosted hp, (spit acid), AC +6, large, unfitting
armour, (cold-blooded), (acid resistance)
a: End Transformation


You were on level 4 of the Dungeon.
You were a creature of crystalline ice.
You visited 1 branch of the dungeon, and saw 5 of its levels.

You collected 176 gold pieces.

Inventory:

Armour
 l - a scarf of resistance (melded)
Jewellery
 a - an amulet of the acrobat
 f - a ring of poison resistance (left front paw)
 j - an amulet of reflection (around neck)
Scrolls
 b - a scroll of immolation
 i - a scroll of brand weapon
 k - a scroll of amnesia
Potions
 g - a potion of resistance
 h - 2 potions of might


   Skills:
 + Level 3.8 Fighting
 + Level 3.7 Dodging
 * Level 5.9 Unarmed Combat
 + Level 3.6 Spellcasting
 * Level 5.3 Transmutations
 * Level 3.7 Ice Magic
 - Level 2.0 Poison Magic


You had 6 spell levels left.
You knew the following spells:

 Your Spells              Type           Power      Damage    Failure   Level
a - Beastly Appendage     Tmut           36%        N/A       1%          1
b - Spider Form           Tmut/Pois      13%        N/A       12%         3
c - Ice Form              Ice/Tmut       16%        N/A       28%         4

Your spell library contained the following spells:

 Spells                   Type           Power      Damage    Failure   Level
 Wereblood                Tmut           18%        N/A       3%          2


Dungeon Overview and Level Annotations

Branches:
Dungeon (5/15)
 Temple: D:4-7

Altars:

Annotations:
D:5 Eustachio, Grinder


Innate Abilities, Weirdness & Mutations

You are a creature of crystalline ice.
You have a powerful freezing melee attack.
You are amphibious.
Your maximum health is increased.
Your armour is entirely melded.
You are incapable of wielding weapons or throwing items.
((You can spit globs of acid.))
((Your golden yellow scales are hard. (AC +6)))
You cannot fit into any form of body armour.
((You are cold-blooded and may be slowed by cold attacks.))
((You are resistant to acid. (rCorr)))


Message History

The killer bee stings you.
* * * LOW HITPOINT WARNING * * *
You climb upwards.
There is a stone staircase leading down here.
Casting: Spider Form (dangerous; 12% risk of failure)
Confirm with . or Enter, or press ? or * to list all spells.
The spell is quite dangerous to cast (28% risk of failure)!
Continue anyway? [Y]es or [N]o only, please.
The spell is quite dangerous to cast (28% risk of failure)!
Continue anyway?
You turn into a creature of crystalline ice.
Your scarf of resistance melds into your body.
You feel hot and cold all over. The killer bee barely misses you.
The killer bee stings you.
* * * LOW HITPOINT WARNING * * *
You are poisoned.
The killer bee poisons you!
You closely miss the killer bee.
You feel sick.
The killer bee stings you but does no damage.
The killer bee stings you.
* * * LOW HITPOINT WARNING * * *
You are lethally poisoned!
The killer bee poisons you!
You barely miss the killer bee.
* * * LOW HITPOINT WARNING * * *
You feel very sick. The killer bee closely misses you. x2
It was a potion of attraction.
You feel attractive to monsters.
* * * LOW HITPOINT WARNING * * *
You feel sick. The killer bee barely misses you. The killer bee stings you.
* * * LOW HITPOINT WARNING * * *
The killer bee barely misses you.
You miss the killer bee.
* * * LOW HITPOINT WARNING * * *
You feel sick.
The killer bee stings you but does no damage.
The killer bee stings you.
* * * LOW HITPOINT WARNING * * *
The killer bee stings you.
You die...

...[.).......#..............##
##.....###................###
...#...........############
####.........### #
#...>....####
##..###......####
###..#............####
...............yy....#
......########..Y....#
........# #.......# ........#
######### ........# ........#
........# ........# ........#
...(....#


You could see 2 killer bees.

Vanquished Creatures
  Pikel (D:4)
  The ghost of mcbry74 the Slasher, an amateur MiFi (D:3)
  Edmund (D:5)
  An ogre (D:4)
  2 necrophages
  3 lemures
  2 scorpions
  A bullfrog zombie (D:5)
  An orc priest (D:4)
  Natasha (thrice) (D:3)
  2 orc wizards (D:4)
  9 adders
  3 dart slugs
  11 orcs
  6 ball pythons
  3 bats
  9 endoplasms
  10 goblins
  6 hobgoblins
  3 jackals (D:3)
  12 kobolds
  5 quokkas
  5 frilled lizards
  5 rats
105 creatures vanquished.

Vanquished Creatures (others)
  2 plants (D:5)
2 creatures vanquished.

Grand Total: 107 creatures vanquished

Notes
Turn   | Place    | Note
-------+----------+-------------------------------------------
     0 | D:1      | kae the Draconian Transmuter began the quest for the Orb.
     0 | D:1      | Reached XP level 1. HP: 16/16 MP: 3/3
   207 | D:1      | Reached XP level 2. HP: 13/23 MP: 3/5
   768 | D:2      | Found a faded altar of an unknown god.
   938 | D:2      | Reached XP level 3. HP: 16/28 MP: 6/6
  2006 | D:2      | Reached XP level 4. HP: 35/36 MP: 5/7
  2683 | D:3      | Learned a level 3 spell: Spider Form
  2684 | D:3      | Noticed a necrophage
  2690 | D:3      | Noticed mcbry74's ghost (amateur MiFi)
  2718 | D:3      | Found a transporter.
  2765 | D:3      | Found a transporter.
  3268 | D:3      | Noticed Natasha
  3288 | D:3      | Killed Natasha
  3289 | D:3      | Reached XP level 5. HP: 35/41 MP: 8/8
  3377 | D:3      | Noticed Natasha
  3384 | D:3      | Killed Natasha
  3505 | D:3      | Noticed Natasha
  3512 | D:3      | Killed Natasha
  3616 | D:3      | Reached skill level 1 in Poison Magic
  3700 | D:4      | Reached XP level 6. HP: 44/50 MP: 5/10
  3753 | D:4      | Learned a level 4 spell: Ice Form
  4503 | D:4      | Reached skill level 1 in Ice Magic
  4560 | D:4      | Your scales start taking on a golden yellow colour.
  4560 | D:4      | Reached XP level 7. HP: 41/56 MP: 8/11
  4560 | D:4      | Gained mutation: You are resistant to acid. (rCorr) [Yellow
                  | Draconian growth]
  4676 | D:4      | Noticed Pikel
  4951 | D:3      | Killed mcbry74's ghost
  4952 | D:3      | Reached skill level 5 in Unarmed Combat
  5258 | D:4      | Killed Pikel
  5259 | D:4      | Reached skill level 5 in Transmutations
  5259 | D:4      | Reached XP level 8. HP: 24/64 MP: 2/13
  5557 | D:5      | Entered Level 5 of the Dungeon
  5562 | D:5      | Noticed Edmund
  5579 | D:5      | Killed Edmund
  5782 | D:5      | Noticed Grinder
  5814 | D:5      | Noticed Eustachio
  5831 | D:4      | HP: 3/79 [poisoned by a killer bee]
  5831 | D:4      | HP: 1/79 [killer bee (2)]
  5831 | D:4      | Slain by a killer bee

Illustrated notes

Levels and vault maps discovered:
D:1:      psy_arrival_whirlpool, layout_rooms, minmay_ruptured
D:2:      layout_basic, ebering_ecumenical_altar_rust, chequers_avenue,
          minmay_quadrilaterals
D:3:      layout_basic, gammafunk_ghost_arena, uniq_natasha
D:4:      layout_rooms, uniq_pikel
D:5:      layout_cave_pools, serial_shops, nicolae_shop_overgrown_old_shop,
          uniq_edmund, uniq_grinder, uniq_eustachio

Skill      XL: |  1  2  3  4  5  6  7 |
---------------+----------------------+-----
Dodging        | 2 3 |  3.7
Transmutations | 3 4 5 |  5.3
Fighting       | 2 3 |  3.8
Unarmed Combat | 4 5 |  5.9
Poison Magic   | 1 2 |  2.0
Ice Magic      | 1 3 |  3.7
Spellcasting   | 3 |  3.6

Action                   |  1- 3 |  4- 6 |  7- 9 || total
-------------------------+-------+-------+-------++-------
Melee: Unarmed           |   119 |   162 |    88 ||   369
       Kick              |    15 |    15 |       ||    30
       Tailslap          |     7 |    17 |     6 ||    30
       Punch             |     3 |     2 |     1 ||     6
       Headbutt          |     5 |     9 |       ||    14
 Cast: Beastly Appendage |    20 |    18 |       ||    38
       Spider Form       |       |    13 |     7 ||    20
       Ice Form          |       |       |     2 ||     2
 Abil: Breathe Acid      |       |       |     3 ||     3
  Use: Scroll            |     2 |     3 |     4 ||     9
       Potion            |       |     1 |     6 ||     7
Armor: Skin              |    55 |    51 |    23 ||   129
Dodge: Dodged            |    86 |   120 |    70 ||   276
Block: Other             |       |    11 |    38 ||    49
       Reflection        |       |     1 |     1 ||     2

Table legend: (Time is in decaauts)
 A = Elapsed time spent in this place.
 B = Non-inter-level travel time spent in this place.
 C = Inter-level travel time spent in this place.
 D = Time resting spent in this place.
 E = Time spent auto-exploring this place.
 F = Levels seen in this place.
 G = Mean time per level.
                   A        B        C        D        E       F      G
               +--------+--------+--------+--------+--------+-----+--------+
         Total |   5798 |   5682 |    116 |    328 |   4366 |   5 | 1159.6 |
       Dungeon |   5798 |   5682 |    116 |    328 |   4366 |   5 | 1159.6 |
               +--------+--------+--------+--------+--------+-----+--------+

Top non-repeatable levels by time:
     D:3: 2101 daAuts
     D:2: 1476 daAuts
     D:4: 1197 daAuts
     D:1: 764 daAuts
     D:5: 258 daAuts
